Map: [ESL] Data-C

Players

Spirit - Winner!

  • Race: Terran Terran
  • Spawn Location: 3:00

ShoWTimE

  • Race: Protoss Protoss
  • Spawn Location: 9:00

Event: DreamHack SC2 Masters 2022 Valencia

VOD

Have the link to the VOD?

Description

Time

  • Played on: July 1, 2022, 1:50 p.m.
  • Length: 4:58

All games in this series

Show
View Real Time Build Order
Export as new Build Order

Spirit Terran - Winner!

Build Orders: 1/1/1, Widow Mine Drop 

Get SALT Encoding   

  12  0:00  SCV  
  13  0:12  SCV  
  14  0:17  Supply Depot  
  14  0:24  SCV  
  15  0:39  SCV  
  15  0:41  Barracks  
  16  0:46  Refinery  
  16  0:51  SCV  
  16  0:56  Refinery  
  18  1:04  SCV  
  18  1:16  SCV  
  19  1:28  Orbital Command, Marine  
  20  1:36  Factory  
  20  1:47  Barracks Reactor  
  20  1:49  Supply Depot  
  20  1:55  SCV  
  21  2:07  SCV  
  22  2:19  SCV  
  22  2:21  Starport  
  23  2:27  Widow Mine x2  
  27  2:31  SCV  
  27  2:34  Supply Depot  
  28  2:49  Widow Mine  
  31  2:56  Widow Mine  
  31  2:58  Medivac  
  35  2:59  SCV, Armory  
  35  3:04  Supply Depot  
  35  3:11  Widow Mine  
  37  3:17  Widow Mine  
  39  3:25  SCV  
  39  3:27  Medivac, Supply Depot  
  40  3:33  Widow Mine  
  44  3:38  Widow Mine  
  46  3:43  Barracks Reactor  
  46  3:50  SCV  
  46  4:02  SCV  
  46  4:06  Widow Mine x2  
  50  4:11  Medivac  
  50  4:15  Supply Depot  
  50  4:33  Command Center  
  50  4:34  Marine x2  
  50  4:35  SCV  
Show
View Real Time Build Order
Export as new Build Order

ShoWTimE Protoss 

Build Orders: 1 Gate Expand, Oracle Opening, Phoenix Opening 

Get SALT Encoding   

  12  0:00  Probe  
  13  0:12  Probe  
  14  0:17  Pylon  
  14  0:24  Probe (Chrono Boost)  
  15  0:36  Probe (Chrono Boost)  
  15  0:37  Gateway  
  16  0:44  Probe (Chrono Boost)  
  16  0:46  Assimilator  
  17  0:51  Probe  
  18  1:03  Probe  
  19  1:15  Probe  
  20  1:26  Cybernetics Core  
  20  1:33  Nexus  
  20  1:36  Probe  
  21  1:44  Pylon  
  21  1:49  Probe  
  21  1:51  Assimilator  
  22  2:00  Adept (Chrono Boost)  
  22  2:01  Probe  
  25  2:13  Probe  
  26  2:23  Stargate  
  26  2:25  Probe, Adept (Chrono Boost)  
  29  2:38  Warp Gate, Probe  
  30  2:46  Probe  
  30  2:50  Adept, Probe  
  34  2:58  Probe  
  34  2:59  Shield Battery  
  34  3:02  Probe  
  36  3:06  Oracle (Chrono Boost)  
  36  3:11  Probe  
  40  3:14  Probe  
  40  3:17  Pylon  
  41  3:20  Adept  
  41  3:26  Probe  
  44  3:27  Probe  
  45  3:34  Phoenix (Chrono Boost)  
  45  3:39  Probe  
  48  3:43  Probe  
  48  3:45  Gateway  
  49  3:51  Probe  
  49  3:55  Probe  
  45  4:03  Probe  
  45  4:07  Probe  
  45  4:09  Assimilator  
  47  4:13  Assimilator  
  47  4:17  Oracle (Chrono Boost)  
  47  4:21  Probe  
  47  4:23  Probe  
  45  4:33  Probe  
  45  4:35  Probe  
  43  4:45  Adept, Probe  
  44  4:50  Adept  

Tags
 
Add a new tag
Caveats
  • Supply blocks, unpowered buildings, or Contaminate may cause inaccurate times.
  • Supply counts are checked every 10 seconds.